 Dungeon Crawl Stone Soup version 0.30-a0-772-g5528072125 (webtiles) character file.

Game seed: 11841898810109238737

3502 jimonade the Basher (level 10, -1/102 HPs)
             Began as an Ogre Warper on Feb 13, 2023.
             Engulfed by a steam dragon's steam (4 damage)
             ... on level 7 of the Dungeon.
             The game lasted 00:19:05 (8767 turns).

jimonade the Basher (Ogre Warper)                   Turns: 8767, Time: 00:19:06

Health: -1/102     AC: 11    Str: 21    XL:     10   Next: 7%
Magic:  13/13      EV: 10    Int: 14    God:
Gold:   478        SH:  0    Dex:  8    Spells: 14/14 levels left

rFire   . . .      SeeInvis .    a - +1 flail (protect)
rCold   . . .      Faith    .    (no shield)
rNeg    . . .      Spirit   .    k - +0 robe
rPois   .          Reflect  .    (helmet restricted)
rElec   .          Harm     .    H - +0 cloak
rCorr   .          Rampage  .    (gloves unavailable)
Will    ++...                    (boots unavailable)
Stlth   +                        f - amulet of magic regeneration
HPRegen 0.37/turn                m - +4 ring of slaying
MPRegen 0.53/turn                j - ring of willpower

@: under a protective aura
A: large, unfitting armour, tough skin 1
a: no special abilities


You were on level 7 of the Dungeon.
You visited 1 branch of the dungeon, and saw 7 of its levels.
You also visited: Ossuary.

You collected 478 gold pieces.

Inventory:

Hand Weapons
 a - a +1 flail of protection (weapon)
 b - a +0 sling
 h - a +0 whip
 w - a +0 mace
 C - a +0 whip of freezing
 G - a +0 giant club
Missiles
 d - 6 boomerangs of dispersal (quivered)
 g - 9 boomerangs
 v - 85 stones
 P - a throwing net
Armour
 k - a +0 robe (worn)
 H - a +0 cloak (worn)
Jewellery
 e - a ring of protection from cold
 f - an amulet of magic regeneration (around neck)
 j - a ring of willpower (right hand)
 m - a +4 ring of slaying (left hand)
 n - a ring of wizardry
 F - a ring of ice
Wands
 i - a wand of mindburst (14)
 y - a wand of quicksilver (4)
 D - a wand of flame (35)
Scrolls
 c - 6 scrolls of blinking
 l - a scroll of magic mapping
 p - a scroll of immolation
 t - a scroll of poison
 x - a scroll of amnesia
 J - 3 scrolls of teleportation
 L - a scroll of fog
 N - a scroll of vulnerability
 Q - a scroll of identify
 R - a scroll of fear {unknown}
Potions
 o - 3 potions of might
 q - a potion of lignification
 r - a potion of ambrosia
 s - 3 potions of mutation
 u - 2 potions of curing
 z - 2 potions of flight
 A - a potion of cancellation
 B - 5 potions of heal wounds
 E - a potion of attraction {unknown}
 I - a potion of resistance
 K - a potion of haste {unknown}
 M - 2 potions of magic
 O - a potion of brilliance {unknown}


   Skills:
 + Level 7.3 Fighting
 * Level 10.8 Maces & Flails
 + Level 1.8 Ranged Weapons
 + Level 1.1 Throwing
 + Level 4.5 Dodging
 + Level 1.5 Stealth
 + Level 2.5 Spellcasting
 + Level 2.9 Translocations


You had 14 spell levels left.
You didn't know any spells.
Your spell library contained the following spells:

 Spells                   Type           Power      Damage    Failure   Level
 Blink                    Tloc           20%        N/A       10%         2
 Lesser Beckoning         Tloc           20%        N/A       10%         2
 Teleport Other           Tloc           10%        N/A       21%         3
 Magic Dart               Conj           4%         1d3       22%         1
 Cigotuvi's Dreadful Rot  Necr/Pois/Air  2%         N/A       34%         2
 Searing Ray              Conj           2%         2d4       34%         2
 Sublimation of Blood     Necr           1%         N/A       34%         2
 Vhi's Electric Charge    Tloc/Air       10%        N/A       36%         3
 Manifold Assault         Tloc           10%        N/A       54%         4
 Dispel Undead            Necr           1%         3d6       92%         4
 Fulminant Prism          Conj/Hex       0%         3d5       92%         4
 Petrify                  Tmut/Erth      1%         N/A       92%         4
 Irradiate                Conj/Tmut      0%         3d11      99%         5
 Death Channel            Necr           0%         N/A       100%        6


Dungeon Overview and Level Annotations

Branches:
Dungeon (7/15)            Ossuary (visited)
 Temple: D:4-7

Altars:

Shops:
D:1 ?

Annotations:
D:3 Sigmund
D:6 3 runed translucent doors, exclusion: 2 electric eels, xian's ghost, amateur DsFi


Innate Abilities, Weirdness & Mutations

You are too large for most types of armour.
You have tough skin. (AC +1)


Message History

The steam dragon breathes steam at you. The ball of steam hits you!!
You are engulfed in a cloud of scalding steam.
The steam dragon bites you. The steam dragon claws you.
The steam dragon bites you!
* * * LOW HITPOINT WARNING * * *
The steam dragon claws you but does no damage.
The steam dragon bites you!
* * * LOW HITPOINT WARNING * * *
The steam dragon claws you but does no damage.
You hit the steam dragon but do no damage.
The steam dragon is severely wounded.
The steam dragon breathes steam at you. The ball of steam misses you.
You barely miss the steam dragon.
The steam dragon is severely wounded.
The steam dragon misses you. The steam dragon barely misses you.
You hit the steam dragon.
The steam dragon is almost dead.
The steam dragon barely misses you.
The steam dragon claws you but does no damage.
You barely miss the steam dragon.
The steam dragon is almost dead.
The steam dragon misses you.
The steam dragon claws you but does no damage.
You closely miss the steam dragon.
The steam dragon is almost dead.
You barely miss the steam dragon.
The steam dragon is almost dead.
The steam dragon breathes steam at you. The ball of steam hits you!
* * * LOW HITPOINT WARNING * * *
The steam dragon attacks as you move away!
The steam dragon bites you.
* * * LOW HITPOINT WARNING * * *
The steam dragon claws you but does no damage.
You barely miss the steam dragon.
The steam dragon is almost dead.
You are engulfed in a cloud of scalding steam.
You die...

######..........#
.....#.......<..# #######
.....#..........##.......
.....#...........#.......
.....######..###.#.......
.....#### ##))...#.......
........#####.#.§§#
.....##.......#.D§##...
.....#######....@§§......
.....# ##......§§.§.....
.....####..##.###§§###...
...........##[# ##.# ..
...###....###.# ...
..........# #.# .###
.........## #.# .##
#.#......####.# .#
#..........##.### .# #


You could see a steam dragon (catching breath).

Vanquished Creatures
  Pikel (D:4)
  2 wyverns
  Menkaure (Ossuary)
  A water moccasin (D:7)
  3 ice beasts
  An orc warrior (D:6)
  3 ogres
  A centaur (D:6)
  2 phantoms (D:6)
  Blork the orc (D:4)
  2 bullfrogs (D:7)
  2 gnoll sergeants
  A necrophage (D:6)
  2 scorpions
  6 wights
  2 centaur zombies (Ossuary)
  7 hounds
  3 orc priests (D:7)
  4 jellies
  Ijyb (D:4)
  Terence (D:3)
  2 iguanas
  3 ogre zombies (Ossuary)
  6 mummies (Ossuary)
  4 gnolls
  4 adders
  2 shadow imps
  2 white imps
  An ufetubus (D:6)
  4 adder zombies (Ossuary)
  A worm (D:5)
  3 orcs
  8 ball pythons
  2 bats (D:2)
  8 endoplasms
  2 giant cockroaches
  9 goblins
  4 hobgoblins
  5 kobolds
  3 quokkas
  3 frilled lizards
  2 gnoll zombies (Ossuary)
  3 goblin zombies (Ossuary)
  3 hobgoblin zombies (Ossuary)
  2 kobold zombies (Ossuary)
  8 quokka zombies (Ossuary)
  6 rats
  3 rat zombies (Ossuary)
150 creatures vanquished.

Notes
Turn   | Place    | Note
-------+----------+-------------------------------------------
     0 | D:1      | jimonade the Ogre Warper began the quest for the Orb.
     0 | D:1      | Reached XP level 1. HP: 22/22 MP: 3/3
   167 | D:1      | Reached XP level 2. HP: 29/29 MP: 5/5
   241 | D:1      | Reached skill level 2 in Maces & Flails
   502 | D:1      | Reached XP level 3. HP: 30/37 MP: 6/6
   814 | D:1      | Found Utetabb's Magic Scroll Emporium.
  1900 | D:3      | Noticed Sigmund
  1955 | D:3      | Reached XP level 4. HP: 45/45 MP: 7/7
  2094 | D:3      | Noticed Terence
  2122 | D:3      | Killed Terence
  2123 | D:3      | Reached skill level 3 in Maces & Flails
  2619 | D:4      | Noticed Blork the orc
  2641 | D:4      | Killed Blork the orc
  2642 | D:4      | Reached skill level 4 in Maces & Flails
  2642 | D:4      | Reached XP level 5. HP: 22/53 MP: 8/8
  2757 | D:4      | Noticed Ijyb
  2767 | D:4      | Killed Ijyb
  2948 | D:4      | Noticed Pikel
  2948 | D:4      | Noticed a lemure
  2948 | D:4      | Noticed a lemure
  2948 | D:4      | Noticed a lemure
  2978 | D:4      | Killed Pikel
  2979 | D:4      | Reached skill level 6 in Maces & Flails
  2979 | D:4      | Reached XP level 6. HP: 36/62 MP: 9/9
  2979 | D:4      | Reached XP level 7. HP: 41/70 MP: 10/10
  3448 | D:5      | Entered Level 5 of the Dungeon
  3513 | D:5      | Found a sand-covered staircase.
  3520 | Ossuary  | Entered an ossuary
  3900 | Ossuary  | Reached skill level 7 in Maces & Flails
  3900 | Ossuary  | Reached XP level 8. HP: 69/79 MP: 11/11
  4081 | Ossuary  | Noticed Menkaure
  4100 | Ossuary  | Killed Menkaure
  4101 | Ossuary  | Reached skill level 5 in Fighting
  4447 | D:5      | Reached skill level 8 in Maces & Flails
  4447 | D:5      | Reached skill level 1 in Stealth
  4871 | D:5      | Noticed a wyvern
  5743 | D:5      | Reached XP level 9. HP: 73/89 MP: 12/12
  5864 | D:5      | Reached skill level 9 in Maces & Flails
  6370 | D:6      | Found Veurre's Book Emporium.
  6953 | D:6      | Found a runed translucent gate.
  6953 | D:6      | Found a runed translucent gate.
  6953 | D:6      | Found a runed translucent gate.
  7031 | D:6      | Reached skill level 1 in Ranged Weapons
  7051 | D:6      | Reached skill level 10 in Maces & Flails
  7289 | D:6      | Noticed xian's ghost (amateur DsFi)
  7891 | D:6      | You fall into a shaft and drop 1 floor!
  8267 | D:7      | Reached XP level 10. HP: 69/102 MP: 13/13
  8765 | D:7      | HP: 5/102 [steam dragon/ball of steam (15)]
  8767 | D:7      | Engulfed by a steam dragon's steam

Illustrated notes

Levels and vault maps discovered:
D:1:      giann_bridges, layout_basic, serial_shops, nicolae_shop_statue_plus
D:2:      layout_rooms, serial_curves, eino_curves_01, eino_curves_02,
          eino_curves_02, eino_curves_02, hangedman_decor_opposing
D:3:      layout_loops_ring, uniq_sigmund, uniq_terence
D:4:      layout_basic, serial_glass, glass_columns_c, glass_columns_c,
          glass_columns_b, glass_columns_c, glass_columns_a, glass_columns_a,
          uniq_pikel, uniq_blork_the_orc, uniq_ijyb
D:5:      layout_basic, enter_ossuary_2, kennysheep_generic_room_5
D:6:      layout_basic, ebering_ghost_rock_garden,
          nicolae_kite_square_tiling_tiny, nicolae_inconvenience_store,
          minmay_fountain_box, minmay_joined_circles
D:7:      layout_rooms, temple_hall, serial_aquarium,
          aquarium_bridge_island_small [aquarium_subvault_small_open,
          aquarium_subvault_bridge, aquarium_subvault_window,
          aquarium_subvault_wall, aquarium_subvault_bridge],
          aquarium_bridge_long_joined [aquarium_subvault_bridge,
          aquarium_subvault_window, aquarium_subvault_window,
          aquarium_subvault_window, aquarium_subvault_wall,
          aquarium_subvault_bridge], aquarium_window_fake, aquarium_window_2,
          aquarium_view_2b, aquarium_view_2a

Skill      XL: |  1  2  3  4  5  6  7  8  9 |
---------------+----------------------------+-----
Maces & Flails | 2 4 6 7 8 10 | 10.8
Fighting       | 3 4 5 7 |  7.3
Dodging        | 3 4 |  4.5
Stealth        | 1 |  1.5
Ranged Weapons | 1 |  1.8
Throwing       | |  1.1
Spellcasting   | |  2.5
Translocations | |  2.9

Action                     |  1- 3 |  4- 6 |  7- 9 | 10-12 || total
---------------------------+-------+-------+-------+-------++-------
  Melee: Mace              |   120 |    13 |       |       ||   133
         Flail             |       |    37 |   358 |    33 ||   428
         Punch             |       |       |     3 |     1 ||     4
   Fire: Sling             |       |       |    24 |       ||    24
  Throw: Dart              |       |     2 |       |       ||     2
         Boomerang         |       |     1 |       |       ||     1
    Use: Scroll            |       |       |    18 |       ||    18
         Potion            |       |       |     1 |       ||     1
   Stab: Sleeping          |       |       |     2 |       ||     2
 Armour: Robe              |    34 |    10 |   137 |    20 ||   201
  Dodge: Dodged            |    72 |    23 |   141 |    11 ||   247

Table legend: (Time is in decaauts)
 A = Elapsed time spent in this place.
 B = Non-inter-level travel time spent in this place.
 C = Inter-level travel time spent in this place.
 D = Time resting spent in this place.
 E = Time spent auto-exploring this place.
 F = Levels seen in this place.
 G = Mean time per level.
                   A        B        C        D        E       F      G
               +--------+--------+--------+--------+--------+-----+--------+
         Total |   8805 |   8608 |    197 |   1284 |   4608 |   8 | 1100.6 |
       Dungeon |   7972 |   7775 |    197 |   1201 |   4364 |   7 | 1138.9 |
       Ossuary |    833 |    833 |      0 |     83 |    244 |   1 |  833.0 |
               +--------+--------+--------+--------+--------+-----+--------+

Top non-repeatable levels by time:
     D:6: 1685 daAuts
     D:5: 1664 daAuts
     D:4: 1416 daAuts
     D:1: 1061 daAuts
 Ossuary: 833 daAuts
     D:3: 825 daAuts
     D:2: 722 daAuts
     D:7: 598 daAuts
